Map: Odyssey LE

Players

Metasapien

  • Race: Zerg Zerg
  • League: Platinum
  • Spawn Location: 11:00

Cheater 1 (Resources) - Winner!

  • Race: Protoss Protoss
  • Spawn Location: 5:00

VOD

Have the link to the VOD?

Description

Time

  • Played on: Sept. 24, 2017, 9:53 p.m.
  • Length: 16:35
Show
View Real Time Build Order
Export as new Build Order

Metasapien Zerg 

Build Orders: Hatch First 

Get SALT Encoding   

  12  0:02  Drone  
  13  0:16  Overlord, Drone  
  14  0:26  Extractor  
  13  0:31  Drone  
  14  0:55  Drone, Hatchery  
  14  1:12  Drone  
  14  1:14  Drone x2  
  17  1:31  Drone  
  18  1:35  Spawning Pool  
  18  1:36  Drone  
  18  2:02  Drone  
  18  2:05  Drone  
  20  2:09  Overlord  
  20  2:14  Hatchery  
  19  2:20  Overlord  
  19  2:21  Drone  
  20  2:24  Extractor  
  19  2:30  Drone  
  19  2:31  Drone  
  21  2:42  Queen  
  23  2:49  Queen  
  25  2:53  Drone  
  26  3:02  Drone x2  
  28  3:11  Roach Warren  
  28  3:12  Drone  
  28  3:13  Drone  
  28  3:15  Drone  
  30  3:32  Drone  
  30  3:33  Overlord  
  31  3:36  Overlord  
  31  3:39  Drone, Extractor  
  31  3:41  Drone  
  31  3:44  Lair  
  31  3:48  Drone  
  33  3:54  Drone x2  
  35  3:58  Queen  
  37  4:07  Roach x2  
  37  4:09  Roach  
  43  4:14  Drone x2  
  45  4:17  Drone x2  
  45  4:19  Drone  
  48  4:32  Drone  
  48  4:34  Extractor  
  48  4:35  Drone x3  
  51  5:08  Hydralisk Den, Drone x3  
  51  5:09  Drone  
  51  5:11  Overlord x3  
  54  5:14  Drone x2  
  54  5:15  Drone  
  54  5:20  Drone x5  
  62  5:25  Spore Crawler, Evolution Chamber  
  62  5:26  Drone x3  
  63  5:29  Overlord x2  
  64  5:35  Drone  
  64  5:37  Drone  
  64  5:41  Glial Reconstitution  
  65  5:43  Hydralisk x2  
  65  5:44  Roach, Hydralisk x2  
  65  5:45  Roach  
  65  5:47  Zergling x4  
  65  5:48  Zergling x2  
  65  5:49  Zergling x2  
  81  5:51  Zergling x2  
  81  5:54  Zerg Ground Armor Level 1  
  82  6:05  Evolution Chamber  
  82  6:09  Queen  
  82  6:10  Queen  
  85  6:12  Drone x2  
  85  6:15  Extractor  
  86  6:20  Spine Crawler  
  86  6:23  Spore Crawler  
  84  6:28  Overseer x2  
  84  6:31  Hydralisk x2, Zerg Missile Weapons Level 1  
  84  6:32  Hydralisk  
  90  6:33  Zergling x4, Roach x2  
  90  6:34  Zergling x4  
  100  6:45  Burrow, Pneumatized Carapace  
  98  7:06  Infestation Pit  
  98  7:07  Hydralisk x3  
  98  7:08  Roach  
  105  7:30  Overlord x3  
  105  7:32  Overlord  
  105  7:33  Overlord x2  
  105  7:34  Overlord x3  
  105  7:35  Overlord x2  
  105  7:45  Hive  
  105  7:48  Queen  
  105  7:51  Zerg Ground Armor Level 2  
  107  7:55  Hydralisk x5  
  107  7:56  Hydralisk x4  
  107  7:57  Roach x2  
  129  8:11  Hatchery  
  128  8:40  Hydralisk x2  
  132  8:41  Hydralisk x2  
  132  8:42  Roach x3  
  132  8:47  Nydus Network  
  141  8:49  Zerg Missile Weapons Level 2  
  141  8:51  Drone x3  
  144  9:15  Hatchery  
  143  9:26  Nydus Canal  
  143  9:28  Swarm Host  
  143  9:29  Swarm Host  
  161  9:39  Drone  
  161  9:40  Drone x2  
  161  9:43  Drone x2  
  161  9:44  Drone x2  
  161  9:45  Drone x4  
  150  10:14  Nydus Canal  
  150  10:16  Hydralisk x3  
  150  10:17  Roach x4, Hydralisk x3  
  150  10:18  Zergling x2, Roach x3  
  150  10:19  Zergling x12  
  155  10:31  Hydralisk x17  
  155  10:32  Hydralisk  
  153  10:36  Viper, Roach x14  
  110  11:14  Hydralisk x4  
  110  11:15  Hydralisk, Roach x5  
  110  11:16  Roach x2  
  110  11:17  Zergling x2  
  110  11:18  Zergling x12  
  122  11:40  Drone  
  122  11:41  Drone x5  
  122  11:44  Queen x2  
  120  11:53  Zergling x10  
  120  11:54  Zergling x8  
  111  11:56  Hatchery  
  111  12:00  Drone, Hatchery  
  108  12:07  Queen  
  108  12:08  Queen  
  109  12:24  Extractor  
  109  12:25  Drone x3  
  109  12:26  Extractor  
  110  12:32  Extractor  
  110  12:33  Extractor  
  108  12:40  Hydralisk x3  
  108  12:41  Roach x2, Hydralisk x3  
  108  12:42  Roach x2, Hydralisk x2  
  108  12:43  Infestor  
  134  12:59  Extractor  
  134  13:03  Drone  
  134  13:04  Drone x2, Extractor  
  134  13:05  Drone x3  
  138  13:06  Drone  
  138  13:07  Extractor  
  138  13:08  Drone x2  
  138  13:10  Extractor  
  138  13:12  Drone x3  
  142  13:13  Drone x2  
  142  13:14  Drone  
  142  13:15  Hydralisk  
  142  13:16  Roach x2  
  151  13:22  Ultralisk Cavern  
  151  13:25  Spire  
  149  13:35  Hydralisk  
  149  13:36  Hydralisk  
  149  13:37  Zergling x2  
  149  13:38  Zergling x2  
  157  13:50  Nydus Canal  
  157  13:54  Drone x2  
  157  13:55  Drone  
  146  14:03  Hydralisk x2  
  146  14:04  Hydralisk x4  
  146  14:05  Drone  
  146  14:07  Roach  
  146  14:08  Zergling x2  
  109  14:20  Zergling x2  
  109  14:21  Zergling x14  
  109  14:23  Drone  
  109  14:24  Drone  
  110  14:25  Drone  
  110  14:26  Drone  
  78  15:04  Ultralisk  
  78  15:05  Ultralisk  
  78  15:06  Ultralisk  
  78  15:07  Ultralisk  
  85  15:11  Hydralisk  
  85  15:12  Hydralisk x2  
  91  15:25  Spine Crawler  
  91  15:26  Spine Crawler  
  89  15:30  Zergling x8  
  93  15:42  Drone x3  
  96  15:57  Hydralisk x2  
  96  15:58  Hydralisk  
  100  16:10  Hydralisk  
  94  16:12  Zergling x4  
Show
View Real Time Build Order
Export as new Build Order

Cheater 1 (Resources) Protoss - Winner!

Build Orders: Zealot Archon, Colossus Rush 

Get SALT Encoding   

  12  0:01  Probe (Chrono Boost)  
  13  0:11  Probe (Chrono Boost)  
  14  0:20  Pylon  
  14  0:22  Probe (Chrono Boost)  
  15  0:38  Probe (Chrono Boost)  
  16  0:47  Assimilator  
  16  0:48  Probe (Chrono Boost)  
  17  0:50  Gateway  
  17  0:59  Probe (Chrono Boost)  
  17  1:01  Pylon  
  18  1:10  Probe (Chrono Boost)  
  19  1:20  Probe (Chrono Boost)  
  20  1:31  Probe (Chrono Boost)  
  21  1:37  Zealot  
  23  1:40  Cybernetics Core  
  23  1:42  Probe (Chrono Boost)  
  24  1:53  Probe (Chrono Boost)  
  25  1:58  Nexus  
  25  2:04  Probe (Chrono Boost)  
  26  2:14  Warp Gate  
  27  2:15  Probe (Chrono Boost)  
  27  2:16  Stalker  
  29  2:26  Pylon  
  29  2:27  Probe (Chrono Boost)  
  30  2:36  Gateway  
  30  2:39  Probe (Chrono Boost)  
  30  2:40  Assimilator  
  31  2:46  Adept  
  31  2:50  Probe (Chrono Boost)  
  34  2:56  Pylon  
  34  3:02  Probe (Chrono Boost)  
  35  3:11  Probe (Chrono Boost), Adept  
  37  3:13  Probe (Chrono Boost)  
  39  3:22  Probe (Chrono Boost)  
  39  3:25  Robotics Facility  
  39  3:26  Adept  
  40  3:31  Probe (Chrono Boost)  
  40  3:33  Probe (Chrono Boost)  
  44  3:36  Adept  
  46  3:43  Probe (Chrono Boost)  
  46  3:44  Probe (Chrono Boost)  
  48  3:53  Adept  
  48  3:54  Probe (Chrono Boost)  
  52  3:55  Probe (Chrono Boost)  
  52  4:02  Adept  
  52  4:05  Probe (Chrono Boost)  
  52  4:06  Probe (Chrono Boost)  
  56  4:12  Pylon  
  56  4:13  Observer  
  56  4:14  Robotics Bay  
  56  4:16  Probe (Chrono Boost)  
  59  4:18  Probe (Chrono Boost)  
  59  4:27  Probe (Chrono Boost)  
  59  4:28  Pylon  
  59  4:31  Robotics Facility  
  60  4:35  Stalker  
  60  4:36  Probe (Chrono Boost)  
  64  4:38  Probe (Chrono Boost)  
  64  4:40  Pylon  
  64  4:44  Stalker  
  66  4:55  Gateway  
  66  5:01  Pylon, Zealot  
  66  5:04  Zealot  
  70  5:08  Colossus  
  76  5:16  Pylon  
  76  5:19  Zealot  
  78  5:22  Zealot  
  80  5:40  Colossus, Pylon  
  80  5:44  Probe (Chrono Boost)  
  80  5:45  Probe (Chrono Boost)  
  80  5:47  Gateway  
  88  5:56  Probe (Chrono Boost)  
  89  6:02  Twilight Council, Nexus  
  89  6:04  Assimilator, Zealot  
  89  6:05  Forge  
  89  6:06  Assimilator  
  89  6:07  Zealot  
  89  6:09  Zealot  
  95  6:22  Forge  
  95  6:24  Zealot  
  97  6:26  Zealot  
  97  6:28  Pylon  
  97  6:29  Probe (Chrono Boost)  
  97  6:30  Probe (Chrono Boost)  
  101  6:43  Templar Archives  
  101  6:44  Stalker  
  101  6:46  Pylon, Zealot  
  105  6:51  Zealot x2  
  109  7:01  Photon Cannon  
  109  7:05  Sentry  
  109  7:06  Sentry  
  113  7:09  Zealot x2  
  113  7:10  Pylon  
  113  7:13  Photon Cannon  
  113  7:14  Pylon  
  120  7:15  Probe x2 (Chrono Boost)  
  120  7:16  Probe (Chrono Boost)  
  120  7:20  Extended Thermal Lance  
  120  7:27  Probe x2 (Chrono Boost), Stalker  
  120  7:28  Probe (Chrono Boost), Assimilator, High Templar, Zealot  
  129  7:30  Pylon  
  129  7:31  Assimilator, High Templar  
  131  7:38  Probe (Chrono Boost)  
  131  7:40  Probe x2 (Chrono Boost)  
  134  7:44  Protoss Ground Weapons Level 1  
  134  7:47  Zealot  
  134  7:48  Photon Cannon  
  134  7:49  Nexus, Stalker  
  134  7:50  Probe (Chrono Boost)  
  141  7:51  Probe (Chrono Boost), Archon  
  141  7:52  Probe (Chrono Boost)  
  141  7:53  Pylon  
  141  7:59  High Templar  
  141  8:01  Probe (Chrono Boost), Zealot  
  141  8:03  Probe (Chrono Boost)  
  141  8:04  Probe (Chrono Boost)  
  148  8:06  Stalker, Protoss Ground Armor Level 1  
  148  8:07  Photon Cannon  
  148  8:11  High Templar  
  153  8:13  Probe (Chrono Boost), Photon Cannon  
  153  8:14  Pylon  
  153  8:15  Probe x2 (Chrono Boost)  
  155  8:21  Zealot  
  155  8:22  Archon  
  155  8:24  Probe (Chrono Boost)  
  159  8:27  Probe (Chrono Boost)  
  159  8:28  Observer  
  159  8:29  Observer, High Templar  
  159  8:30  Zealot  
  165  8:35  Pylon  
  165  8:41  Stalker  
  167  8:42  High Templar  
  167  8:47  Warp Prism x2  
  173  9:00  Pylon  
  173  9:01  Colossus  
  173  9:02  Archon, High Templar  
  175  9:07  Assimilator  
  175  9:09  High Templar  
  177  9:12  Assimilator  
  177  9:16  Colossus  
  177  9:19  Immortal  
  187  9:25  Photon Cannon  
  187  9:27  Pylon  
  187  9:29  Pylon  
  187  9:38  Psionic Storm  
  187  9:39  Gateway  
  187  9:43  Forge  
  187  9:44  Nexus  
  187  9:47  Charge  
  187  9:48  Photon Cannon  
  187  9:50  Photon Cannon  
  187  9:53  Photon Cannon  
  187  9:55  Photon Cannon  
  187  9:56  Immortal  
  187  9:59  Protoss Ground Weapons Level 2  
  191  10:00  Pylon  
  191  10:06  Zealot x2  
  191  10:07  Colossus, Zealot  
  191  10:08  Zealot  
  191  10:11  Photon Cannon  
  183  10:14  Photon Cannon  
  173  10:21  Photon Cannon  
  173  10:23  Stargate  
  173  10:24  Zealot  
  173  10:25  Zealot  
  173  10:26  Zealot  
  173  10:27  Stalker  
  181  10:32  Immortal  
  181  10:33  Sentry  
  181  10:35  Gateway  
  187  10:43  Sentry  
  187  10:44  Zealot x2  
  187  10:48  Zealot  
  189  10:55  Zealot  
  189  10:56  Colossus  
  173  11:02  Stalker  
  173  11:03  Adept  
  169  11:05  Zealot  
  169  11:06  Void Ray, Colossus  
  169  11:07  Adept  
  169  11:08  Assimilator  
  165  11:13  Assimilator  
  165  11:14  Adept  
  145  11:22  Stalker  
  145  11:24  Protoss Ground Armor Level 2, Stalker  
  145  11:25  Zealot  
  143  11:26  Stalker  
  143  11:29  Blink  
  143  11:30  High Templar  
  143  11:32  Sentry  
  149  11:39  Pylon  
  141  11:43  Zealot  
  141  11:44  Zealot  
  141  11:46  Zealot  
  137  11:48  Immortal  
  137  11:49  High Templar  
  129  11:54  Adept  
  129  11:57  Colossus  
  129  12:01  Photon Cannon, Stalker  
  137  12:02  Adept, Zealot  
  137  12:04  Pylon  
  137  12:05  Adept  
  145  12:13  Zealot  
  145  12:15  Archon  
  147  12:17  Protoss Ground Weapons Level 3, Protoss Shields Level 1  
  147  12:18  Stalker  
  147  12:21  Zealot  
  147  12:22  Stalker, Sentry  
  155  12:23  Stalker  
  155  12:25  Immortal  
  155  12:26  Photon Cannon  
  161  12:30  Photon Cannon  
  161  12:32  High Templar  
  161  12:35  Photon Cannon  
  163  12:39  Adept  
  163  12:40  Zealot  
  167  12:44  High Templar, Sentry  
  167  12:46  Adept  
  167  12:49  Immortal  
  167  12:51  Nexus  
  173  12:55  Archon  
  177  12:58  High Templar  
  177  12:59  Sentry  
  177  13:01  Disruptor  
  177  13:03  Stalker  
  177  13:05  Adept  
  188  13:06  Stalker  
  188  13:07  Robotics Facility  
  190  13:15  Zealot  
  192  13:23  Protoss Ground Armor Level 3  
  192  13:24  Disruptor, Stalker  
  194  13:30  Resonating Glaives  
  197  13:37  Observer Gravitic Boosters  
  197  13:58  Protoss Shields Level 2  
  197  14:00  Colossus  
  197  14:03  Disruptor  
  197  14:05  Disruptor  
  197  14:07  Stalker  
  193  14:11  Stalker  
  193  14:12  Pylon, Stalker  
  193  14:18  Stalker  
  193  14:27  Gravitic Drive  
  193  14:35  Adept, Stalker  
  193  14:37  Stalker  
  199  14:40  Photon Cannon  
  199  14:48  Pylon  
  197  15:13  Photon Cannon  
  197  15:17  Nexus, Photon Cannon  
  197  15:23  Photon Cannon  
  197  15:48  Assimilator  
  197  15:50  Assimilator  
  197  15:55  Assimilator  
  197  16:32  Stalker  
  199  16:33  Stalker x2  
Tags
 
Add a new tag
Caveats
  • Supply blocks, unpowered buildings, or Contaminate may cause inaccurate times.
  • Supply counts are checked every 10 seconds.